 Dungeon Crawl Stone Soup version 0.21.1-1-g345015f (webtiles) character file.

77 KleinerIrrer the Chopper (level 4, 0/35 HPs)
             Began as a Formicid Fighter on Apr 4, 2018.
             Killed by divine providence
             ... invoked by an orc priest
              (14 damage)
             ... on level 2 of the Dungeon.
             The game lasted 00:00:51 (1314 turns).

KleinerIrrer the Chopper (Formicid Fighter)         Turns: 1314, Time: 00:00:52

Health: 0/35       AC:  8    Str: 21    XL:     4   Next: 58%
Magic:  4/4        EV:  8    Int:  8    God:
Gold:   45         SH:  9    Dex: 10    Spells: 3/3 levels left

rFire    . . .     SeeInvis +   Y - +0 war axe
rCold    . . .     Gourm    .   c - +0 shield
rNeg     . . .     Faith    .   b - +0 scale mail
rPois    .         Spirit   .   (helmet unavailable)
rElec    .         Reflect  .   (no cloak)
rCorr    .         Harm     .   (no gloves)
MR       .....                  (no boots)
Stlth    ..........             (no amulet)
HPRegen  0.11/turn              (no ring)
MPRegen  0.09/turn              (no ring)

@: no status effects
A: permanent stasis, dig shafts and tunnels, four strong arms, antennae 3,
talons 1, slimy green scales 1, sturdy frame 1
a: Dig, Shaft Self


You were on level 2 of the Dungeon.
You were hungry.

You visited 1 branch of the dungeon, and saw 2 of its levels.

You collected 45 gold pieces.


Innate Abilities, Weirdness & Mutations

You cannot be hasted, slowed, berserked, paralysed or teleported.
You can dig through walls and to a lower floor.
Your four strong arms can wield two-handed weapons with a shield.
You have a pair of large antennae on your head. (SInv)
You have sharp toenails.
You are partially covered in slimy green scales. (AC +2)
Your movements are slightly less encumbered by armour. (ER -2)


   Skills:
 - Level 3.2 Fighting
 + Level 4.4 Axes
 - Level 3.2 Armour
 - Level 3.6 Shields


You had 3 spell levels left.
You didn't know any spells.

Inventory:

Hand Weapons
 p - a +0 flail
 Y - a +0 war axe (weapon)
Missiles
 j - 2 tomahawks (quivered)
Armour
 b - a +0 scale mail (worn)
 c - a +0 shield (worn)
Jewellery
 e - an uncursed ring of flight {unknown}
Wands
 q - a wand of polymorph (16)
Scrolls
 g - a scroll of identify
 m - 3 scrolls of remove curse
 r - a scroll of blinking {unknown}
Potions
 d - a potion of might
 h - a potion of mutation
 i - 2 potions of agility {unknown}
 k - a potion of ambrosia {unknown}
 l - a potion of invisibility {unknown}
 n - a potion of flight {unknown}
 o - a potion of lignification {unknown}
Comestibles
 a - 13 chunks of flesh
 f - 3 rations

Dungeon Overview and Level Annotations

Branches:
Dungeon (2/15)

Altars:


Message History

a - 13 chunks of flesh (gained 3)
j - 2 tomahawks You see here a scroll of magic mapping.
r - a scroll labeled XYPPA FAHOH An orc priest comes into view.
The orc priest shouts!
The orc priest calls down the wrath of Beogh upon you.
Beogh smites you!
The orc priest begins to cast a cantrip, but forgets the words!
You see here a scroll of magic mapping.
You see here a dagger of draining.
You see here a helmet.
A frilled lizard comes into view.
You are feeling hungry.
The frilled lizard hisses angrily.
The orc priest invokes the aid of Beogh against you.
Beogh smites you!
The orc priest mumbles some strange prayers to Beogh against you.
Beogh smites you!
You die...

#........# #(...#..[
#.....o..# #........
#........# #.......#
#.......)##### #....(..#
#..........#.####
#......###
#########.)[....##
#......## ##.........##
#.#....#
#...........#####.#....#
#........o@.....l..###.#
#......<.........[.....####
##.........................
##...#............###.<..#
#######..............####
#..........#######
#................#
################(# #.##


You could see an orc priest and a frilled lizard.

Vanquished Creatures
  An adder (D:2)
  An ooze (D:2)
  2 dart slugs
  A leopard gecko (D:2)
  4 orcs (D:2)
  4 giant cockroaches
  7 goblins
  8 hobgoblins
  2 jackals (D:1)
  5 kobolds (D:1)
  4 bats
  6 frilled lizards
  6 rats
51 creatures vanquished.

Vanquished Creatures (others)
  A kraken (D:1)
  2 draconians (D:1)
  An octopode (D:1)
  A vine stalker (D:1)
  An elf (D:1)
  A troll (D:1)
  A naga (D:1)
  A dwarf (D:1)
  An ogre (D:1)
  2 orcs (D:1)
  6 tentacles (D:1)
18 creatures vanquished.

Grand Total: 69 creatures vanquished

Notes
Turn   | Place    | Note
-------+----------+-------------------------------------------
     0 | D:1      | KleinerIrrer the Formicid Fighter began the quest for the Orb.
     0 | D:1      | Reached XP level 1. HP: 18/18 MP: 1/1
     0 | D:1      | Noticed a vine stalker
     0 | D:1      | Noticed a dwarf
     0 | D:1      | Noticed an octopode
     0 | D:1      | Noticed a kraken
     0 | D:1      | Noticed a naga
     0 | D:1      | Noticed a draconian
     0 | D:1      | Noticed a draconian
     0 | D:1      | Noticed an ogre
     0 | D:1      | Noticed an elf
     0 | D:1      | Noticed a ghoul
     0 | D:1      | Noticed a troll
     0 | D:1      | 0 ||| counter = 5
     3 | D:1      | Killed a dwarf
     6 | D:1      | Killed an octopode
     8 | D:1      | Killed a vine stalker
    10 | D:1      | Killed a draconian
    12 | D:1      | Killed a naga
    12 | D:1      | Killed a draconian
    14 | D:1      | Killed an ogre
    14 | D:1      | Killed a troll
    17 | D:1      | Killed an elf
    17 | D:1      | Killed a kraken
   143 | D:1      | Reached XP level 2. HP: 24/24 MP: 2/2
   273 | D:1      | Reached skill level 3 in Axes
   416 | D:1      | Reached XP level 3. HP: 29/29 MP: 3/3
   794 | D:1      | 794 ||| READING scroll labeled SEOREIKIORCH.
   795 | D:1      | 795 ||| READING scroll labeled EBREOPRUNIO.
   796 | D:1      | 796 ||| READING scroll labeled SOASHAET XUCSE.
   797 | D:1      | 797 ||| READING 2 scrolls labeled VISYCS AWUSHREO.
   798 | D:1      | 798 ||| UPGRADING to club.
   799 | D:1      | 799 ||| SWAPPING to +0 war axe.
   800 | D:1      | 800 ||| READING scroll labeled PICHUFIOMO.
   801 | D:1      | 801 ||| DRINKING 2 sedimented dark potions.
   801 | D:1      | Gained mutation: You have sharp toenails. [potion of mutation]
   801 | D:1      | Gained mutation: Your movements are slightly less encumbered by armour. (ER -2) [potion of mutation]
   801 | D:1      | Gained mutation: You are partially covered in slimy green scales. (AC +2) [potion of mutation]
   978 | D:2      | Reached skill level 4 in Axes
   978 | D:2      | Reached XP level 4. HP: 31/35 MP: 4/4
  1140 | D:2      | 1140 ||| DROPPING +0 club.
  1141 | D:2      | 1141 ||| UPGRADING to flail.
  1142 | D:2      | 1142 ||| SWAPPING to +0 war axe.
  1314 | D:2      | Killed from afar by an orc priest

Vault maps used:
D:1:      nicolae_arrival_kraken_aquarium_a, st_stairs_1
D:2:      minmay_door_path, serial_corexii_hall, corexii_hall_statues_l,
          corexii_hall_statues_u

Skill      XL: |  1  2  3 |
---------------+----------+-----
Axes           | 3 4 |  4.4
Fighting       | |  3.2
Armour         | |  3.2
Shields        | |  3.6

Action                   |  1- 3 |  4- 6 || total
-------------------------+-------+-------++-------
Melee: War axe           |    79 |    26 ||   105
       Kick              |     3 |    10 ||    13
Throw: Tomahawk          |    16 |    10 ||    26
  Use: Scroll            |     5 |       ||     5
       Potion            |     1 |       ||     1
  Eat: Chunk             |       |     1 ||     1
Armor: Scale mail        |    40 |     7 ||    47
Dodge: Dodged            |    19 |     8 ||    27
Block: Shield            |    37 |    13 ||    50

Table legend:
 A = Spawn XP
 B = Non-spawn XP
 C = Spawn XP percentage of total XP
 D = Spawn monster count
 E = Non-spawn monster count
 F = Spawn count percentage of total count
 G = Total turns spent on level
                    A         B        C        D         E        F      G
               +---------+---------+-------+---------+---------+-------+---------
         Total |       0 |     110 |   0.0 |       0 |      51 |   0.0 |  1314
               +---------+---------+-------+---------+---------+-------+---------
           D:1 |       0 |      39 |   0.0 |       0 |      23 |   0.0 |   822
           D:2 |       0 |      71 |   0.0 |       0 |      28 |   0.0 |   492
               +---------+---------+-------+---------+---------+-------+---------
